 Dungeon Crawl Stone Soup version 0.30.1-11-g7821555f0a (webtiles) character file.

Game seed: 12605966473034183381

683 Arctor the Trooper (level 7, -4/56 HPs)
             Began as a Human Fighter on Jan 13, 2024.
             Was an Initiate of the Shining One.
             Slain by Duvessa
             ... wielding a +0 short sword
              (6 damage)
             ... on level 5 of the Dungeon.
             The game lasted 00:03:16 (3346 turns).

Arctor the Trooper (Human Fighter)                  Turns: 3346, Time: 00:03:16

Health: -4/56      AC:  8    Str: 17 (18) XL:     7   Next: 93%
Magic:  7/7        EV:  9    Int:  6 (8)  God:    the Shining One [......]
Gold:   410        SH:  5    Dex: 10 (13) Spells: 6/6 levels left

rFire   . . .        a - +0 war axe
rCold   . . .        c - +0 buckler
rNeg    . . .        b - +0 scale mail
rPois   .            q - +0 helmet
rElec   .            (no cloak)
rCorr   .            (no gloves)
SInv    +            (no boots)
Will    .....        (no amulet) Stlth
                     r - ring of see invisible
HPRegen 0.29/turn    (no ring)
MPRegen 0.10/turn

%: no passive effects
@: mighty, brilliant, glowing, invisible (but backlit and visible)
A: no striking features
a: Renounce Religion


You were on level 5 of the Dungeon.
You worshipped the Shining One.
The Shining One was noncommittal.
You visited 1 branch of the dungeon, and saw 5 of its levels.

You collected 410 gold pieces.

Inventory:

Hand Weapons
 a - a +0 war axe (weapon)
Armour
 b - a +0 scale mail (worn)
 c - a +0 buckler (worn)
 q - a +0 helmet (worn)
Jewellery
 r - a ring of see invisible (left hand)
Wands
 g - a wand of digging (8)
 p - a wand of flame (23)
 u - a wand of roots (18)
Scrolls
 f - a scroll of fog
 i - a scroll of silence
 j - 4 scrolls of teleportation
 m - a scroll of poison
 t - 2 scrolls of enchant armour {unknown}
 x - 2 scrolls of noise {unknown}
 y - 2 scrolls of identify
Potions
 d - 2 potions of might
 h - a potion of curing
 k - 2 potions of brilliance
 l - a potion of invisibility
 n - 2 potions of heal wounds {unknown}
 s - a potion of attraction {unknown}
 v - a potion of mutation {unknown}
 w - a potion of magic {unknown}


   Skills:
 + Level 5.0 Fighting
 + Level 4.4 Axes
 + Level 5.0 Armour
 + Level 4.9 Shields


You had 6 spell levels left.
You didn't know any spells.
Your spell library contained the following spells:

 Spells                   Type           Power      Damage    Failure   Level
 Blink                    Tloc           0%         N/A       96%         2
 Cigotuvi's Dreadful Rot  Necr/Pois/Air  0%         N/A       96%         2
 Lesser Beckoning         Tloc           0%         N/A       96%         2
 Momentum Strike          Conj/Tloc      0%         3d8       96%         2
 Ignite Poison            Fire/Tmut/Pois 0%         N/A       99%         3
 Tukima's Dance           Hex            0%         N/A       99%         3
 Passage of Golubria      Tloc           0%         N/A       100%        4
 Freezing Cloud           Conj/Ice/Air   0%         6-21      100%        5
 Yara's Violent Unravell  Hex/Tmut       0%         3d3       100%        5


Dungeon Overview and Level Annotations

Branches:
Dungeon (5/15)
 Temple: D:4-7

Altars:
Fedhas
Hepliaklqana
Yredelemnul
The Shining One

Shops:
D:1 *?   D:2 =(

Annotations:
D:5 Duvessa, Eustachio


Message History

Okay, then.
As you read the scroll of summoning, it crumbles to dust.
Wisps of shadow whirl around you... Duvessa hits you with a +0 short sword!
The Shining One protects you from harm!
Eustachio hits you with a +2 rapier of holy wrath.
* * * LOW HITPOINT WARNING * * *
You block Duvessa's attack.
Okay, then.
It was a potion of degeneration.
There was something very wrong with that liquid.
You feel weakened.
You feel dopey.
You feel clumsy. Duvessa barely misses you.
Eustachio barely misses something.
Okay, then.
Duvessa attacks as you move away! You block Duvessa's attack.
Duvessa barely misses you.
Your iguana closely misses Eustachio.
It was a potion of curing.
You feel better.
Your adder closely misses Eustachio.
Duvessa hits you with a +0 short sword.
* * * LOW HITPOINT WARNING * * *
Eustachio hits your iguana with a +2 rapier of holy wrath!
Your adder bites Eustachio.
Your iguana bites Eustachio.
Your iguana barely misses Eustachio.
You feel better. Duvessa barely misses you.
Eustachio hits your iguana with a +2 rapier of holy wrath.
Your adder completely misses Eustachio.
You block Duvessa's attack.
Your iguana closely misses Eustachio.
Your iguana bites Eustachio.
It was a potion of brilliance.
You feel clever all of a sudden.
Your adder bites Eustachio but does no damage.
Duvessa hits you with a +0 short sword!
* * * LOW HITPOINT WARNING * * *
Eustachio hits your iguana with a +2 rapier of holy wrath!
Your iguana dies!
Your iguana's corpse dissolves into shadows!
Your iguana closely misses Eustachio.
It was a potion of invisibility.
You become transparent, but the glow from your halo prevents you from becoming completely invisible.
You block Duvessa's attack.
Your adder bites Eustachio.
Eustachio is poisoned.
Your adder poisons Eustachio!
Duvessa hits you but does no damage. Duvessa attacks as you move away!
Duvessa hits you with a +0 short sword.
You die...

......#.##
#..............#
......#..
##.............#
.........
.........#.....#
#.......#
.........##...##
#.......###
#.......###...#
......).l.####......##
##..#
#.......#S@........(.###
#..
#.....S.##e............#
..
###########@....>.####.#
# #.......####.#
#...†........#
#.......###### #.......#
#########


You could see Eustachio (very poisoned), Duvessa (berserk, ally target), a
friendly iguana (summoned) and a friendly adder (summoned).

Vanquished Creatures
  A black bear (D:5)
  A phantom (D:5)
  4 scorpions (D:4)
  Dowan (D:5)
  An orc priest (D:3)
  A gnoll bouda (D:5)
  Jessica (D:3)
  An iguana (D:5)
  3 gnolls (D:5)
  3 adders
  An ufetubus (D:4)
  3 dart slugs
  3 orcs (D:3)
  3 bats
  7 endoplasms
  A giant cockroach (D:1)
  9 goblins
  5 hobgoblins
  3 quokkas
  5 ball pythons
  5 frilled lizards
  4 kobolds
  5 rats
71 creatures vanquished.

Notes
Turn   | Place    | Note
-------+----------+-------------------------------------------
     0 | D:1      | Arctor the Human Fighter began the quest for the Orb.
     0 | D:1      | Reached XP level 1. HP: 18/18 MP: 1/1
    14 | D:1      | Found Doluvoigg's General Store.
    29 | D:1      | Reached XP level 2. HP: 21/24 MP: 2/2
   126 | D:1      | Found Egyzabb's Magic Scroll Shop.
   265 | D:1      | Reached XP level 3. HP: 29/29 MP: 3/3
   781 | D:2      | Found Leih's Antique Weapon Boutique.
  1168 | D:2      | Found Xagaitz's Jewellery Boutique.
  1444 | D:3      | Reached XP level 4. HP: 10/36 MP: 4/4
  1635 | D:3      | Found a blossoming altar of Fedhas.
  1793 | D:3      | Noticed Jessica
  1796 | D:3      | Killed Jessica
  1797 | D:3      | Reached XP level 5. HP: 42/42 MP: 5/5
  2182 | D:4      | Found a glowing golden altar of the Shining One.
  2183 | D:4      | Found a basalt altar of Yredelemnul.
  2184 | D:4      | Found a hazy altar of Hepliaklqana.
  2191 | D:4      | Became a worshipper of the Shining One
  2383 | D:4      | Reached XP level 6. HP: 48/48 MP: 6/6
  2571 | D:4      | Reached XP level 7. HP: 20/55 MP: 7/7
  2844 | D:4      | Found a sand-covered staircase.
  3056 | D:5      | Entered Level 5 of the Dungeon
  3320 | D:5      | Noticed Eustachio
  3322 | D:5      | Noticed Duvessa
  3322 | D:5      | Noticed Dowan
  3330 | D:5      | Killed Dowan
  3331 | D:5      | Reached skill level 5 in Fighting
  3331 | D:5      | Reached skill level 5 in Armour
  3337 | D:5      | The Shining One protects you from harm!
  3337 | D:5      | HP: 1/56 [Eustachio/+2 rapier of holy wrath (5)]
  3343 | D:5      | HP: 1/56 [Duvessa/+0 short sword (9)]
  3346 | D:5      | Slain by Duvessa

Illustrated notes

Levels and vault maps discovered:
D:1:      minmay_arrival_doors, layout_rooms, serial_shops,
          nicolae_shop_tiny_statue_garden, shop_coins, kennysheep_small_spiral,
          lemuel_flame_loot_1
D:2:      layout_loops_cross, serial_shops, nicolae_square_shop,
          nicolae_shop_gaudy_bauble, minmay_unequal
D:3:      layout_basic, mainiacjoe_overflow_small_starburst, uniq_jessica
D:4:      layout_rooms, grunt_temple_overflow_open, enter_ossuary_5
D:5:      kennysheep_kobold_camp, layout_rooms, uniq_eustachio, uniq_duvessa

Skill      XL: |  1  2  3  4  5  6  7 |
---------------+----------------------+-----
Axes           | 3 4 |  4.4
Fighting       | 4 5 |  5.0
Armour         | 4 5 |  5.0
Shields        | 4 |  4.9

Action                     |  1- 3 |  4- 6 |  7- 9 || total
---------------------------+-------+-------+-------++-------
  Melee: War axe           |    76 |    74 |    39 ||   189
    Use: Scroll            |       |     5 |     1 ||     6
         Potion            |       |       |     6 ||     6
 Armour: Scale mail        |    34 |    48 |    24 ||   106
  Dodge: Dodged            |    37 |    30 |    40 ||   107
  Block: Buckler           |    12 |    32 |    18 ||    62
